Map: Waterfall

Players

Vindicta

  • Race: Terran Terran
  • Spawn Location: 7:00

SpeCial - Winner!

  • Race: Terran Terran
  • Spawn Location: 1:00

Event: DreamHack SC2 Masters 2022 Atlanta (Offline)

VOD

Have the link to the VOD?

Description

Time

  • Played on: Nov. 18, 2022, 1:20 p.m.
  • Length: 8:25

All games in this series

Show
View Real Time Build Order
Export as new Build Order

Vindicta Terran 

Build Orders:  

Get SALT Encoding   

  12  0:00  SCV  
  13  0:12  SCV  
  14  0:17  Supply Depot  
  14  0:24  SCV  
  15  0:39  SCV  
  15  0:40  Barracks  
  16  0:43  Refinery  
  16  0:51  SCV  
  16  0:53  Refinery  
  17  1:03  SCV  
  18  1:15  SCV  
  19  1:27  Reaper, Orbital Command  
  19  1:31  Supply Depot  
  20  1:44  Factory  
  20  1:54  SCV  
  20  1:59  Reaper  
  22  2:06  SCV  
  23  2:18  SCV  
  24  2:28  Hellion  
  26  2:32  Command Center  
  26  2:34  SCV  
  27  2:37  Barracks Tech Lab  
  27  2:45  Starport  
  27  2:48  SCV  
  28  2:55  Supply Depot  
  28  3:03  Cyclone  
  31  3:09  Barracks Tech Lab  
  31  3:17  SCV  
  32  3:22  Refinery  
  31  3:29  SCV  
  32  3:34  Banshee  
  32  3:35  Cyclone  
  38  3:41  SCV  
  38  3:44  Barracks Reactor  
  38  3:45  Orbital Command  
  39  3:53  SCV  
  37  4:05  SCV  
  38  4:11  SCV  
  39  4:17  SCV, Raven  
  39  4:20  Marine x2  
  39  4:23  SCV  
  45  4:25  Siege Tank  
  45  4:26  Supply Depot  
  45  4:30  SCV  
  49  4:35  SCV  
  49  4:38  Marine x2  
  51  4:42  SCV  
  53  4:47  SCV  
  53  4:51  Supply Depot  
  54  4:54  SCV  
  54  4:56  Marine x2  
  54  4:59  SCV  
  58  5:00  Raven  
  58  5:06  SCV  
  60  5:08  Command Center  
  60  5:11  SCV  
  60  5:14  Siege Tank  
  62  5:20  SCV  
  63  5:24  Supply Depot, SCV  
  63  5:28  Marine x2  
  63  5:32  SCV  
  63  5:35  Refinery  
  64  5:36  Supply Depot, SCV  
  64  5:44  SCV  
  64  5:46  Siege Tank  
  64  5:48  SCV  
  69  5:55  Viking x2  
  69  5:56  Stimpack  
  74  5:57  SCV  
  74  6:02  Supply Depot, SCV  
  75  6:07  Barracks  
  75  6:09  SCV, Marine  
  75  6:10  Barracks  
  77  6:14  SCV  
  77  6:18  Siege Tank  
  81  6:20  Orbital Command  
  84  6:29  Marine  
  84  6:31  SCV  
  83  6:34  Starport Tech Lab  
  83  6:40  Supply Depot, SCV  
  83  6:43  SCV  
  85  6:48  Barracks x2  
  85  6:50  Siege Tank  
  85  6:52  SCV  
  89  6:56  SCV  
  89  6:57  Orbital Command  
  89  7:00  Marine  
  91  7:04  SCV  
  91  7:05  Starport Reactor  
  91  7:06  Supply Depot  
  91  7:07  Marine x2  
  91  7:08  SCV  
  95  7:15  Marauder  
  97  7:16  SCV  
  97  7:19  Marauder  
  100  7:25  Marine x2  
  100  7:27  SCV x2  
  100  7:29  Engineering Bay  
  104  7:30  Supply Depot  
  104  7:36  Siege Tank, Marine  
  110  7:38  Marine  
  110  7:40  Marine  
  110  7:41  SCV  
  110  7:43  Marine x2  
  110  7:44  Marine  
  113  7:45  Supply Depot  
  113  7:49  Medivac x2  
  116  7:58  Barracks Tech Lab x2  
  116  7:59  Marauder  
  116  8:01  SCV, Marine  
  120  8:08  SCV  
Show
View Real Time Build Order
Export as new Build Order

SpeCial Terran - Winner!

Build Orders:  

Get SALT Encoding   

  12  0:00  SCV  
  13  0:12  SCV  
  14  0:17  Supply Depot  
  14  0:24  SCV  
  15  0:39  SCV  
  15  0:40  Barracks  
  16  0:43  Refinery  
  16  0:51  SCV  
  16  0:53  Refinery  
  17  1:03  SCV  
  18  1:15  SCV  
  19  1:27  Reaper, Orbital Command  
  19  1:31  Supply Depot  
  20  1:44  Factory  
  20  1:53  SCV  
  21  1:59  Reaper  
  22  2:05  SCV  
  23  2:17  SCV  
  24  2:24  Command Center  
  24  2:29  Hellion  
  26  2:33  SCV  
  26  2:35  Barracks Tech Lab  
  27  2:40  Supply Depot  
  27  2:45  SCV  
  28  2:57  SCV  
  29  3:02  Cyclone  
  29  3:05  Starport  
  32  3:08  Barracks Tech Lab  
  32  3:09  SCV  
  33  3:15  Refinery  
  33  3:21  SCV  
  32  3:33  SCV  
  33  3:34  Cyclone  
  33  3:37  Orbital Command  
  36  3:42  Barracks Reactor  
  36  3:45  SCV  
  36  3:48  Banshee  
  40  3:57  SCV  
  38  4:05  SCV  
  38  4:08  Cyclone  
  38  4:09  SCV  
  41  4:18  SCV  
  41  4:19  Marine x2  
  41  4:21  SCV  
  45  4:29  Supply Depot  
  45  4:30  SCV  
  45  4:31  Raven  
  48  4:34  SCV  
  48  4:36  Marine  
  48  4:37  Marine  
  51  4:42  Command Center, SCV  
  52  4:50  Supply Depot  
  52  4:51  Siege Tank  
  55  4:53  SCV  
  55  4:55  Marine x2  
  55  4:58  SCV  
  59  5:05  SCV  
  60  5:10  SCV  
  60  5:14  Raven  
  63  5:15  Marine x2  
  63  5:16  Supply Depot  
  63  5:17  SCV  
  62  5:22  SCV  
  60  5:28  Siege Tank  
  60  5:29  SCV  
  60  5:33  Marine x2  
  60  5:34  SCV  
  67  5:41  SCV  
  68  5:45  Refinery, Starport  
  68  5:46  SCV  
  69  5:53  SCV  
  70  5:59  SCV  
  70  6:00  Siege Tank, Orbital Command  
  74  6:05  SCV  
  74  6:09  Viking  
  74  6:10  Barracks Reactor  
  74  6:11  SCV  
  78  6:13  Viking  
  78  6:17  SCV  
  81  6:22  Viking  
  81  6:24  SCV  
  84  6:27  Orbital Command  
  84  6:29  SCV  
  85  6:36  Supply Depot, SCV  
  85  6:39  Siege Tank  
  89  6:41  SCV  
  89  6:42  Supply Depot  
  89  6:44  Supply Depot  
  90  6:48  SCV  
  90  6:53  Viking  
  90  6:54  SCV  
  93  6:57  Viking  
  93  6:58  SCV  
  93  7:01  SCV, Viking x2  
  97  7:06  SCV  
  102  7:10  SCV  
  102  7:13  SCV  
  104  7:18  SCV  
  104  7:21  Siege Tank  
  104  7:22  SCV  
  109  7:23  Viking  
  109  7:25  SCV  
  109  7:27  Viking  
  109  7:29  Refinery x2  
  114  7:30  Engineering Bay, SCV, Supply Depot  
  114  7:33  Viking  
  117  7:52  Viking, SCV x3  
  117  7:53  Viking  
  124  8:02  Supply Depot  
  124  8:04  SCV  
Tags
 
Add a new tag
Caveats
  • Supply blocks, unpowered buildings, or Contaminate may cause inaccurate times.
  • Supply counts are checked every 10 seconds.